 Dungeon Crawl Stone Soup version 0.22-a0-769-g178e55541d (webtiles) character file.

123 Htamos the Magician (level 5, 0/31 HPs)
             Began as an Octopode Conjurer on July 17, 2018.
             Slain by a centaur (3 damage)
             ... on level 5 of the Dungeon.
             The game lasted 00:04:47 (3563 turns).

Htamos the Magician (Octopode Conjurer)             Turns: 3563, Time: 00:04:47

Health: 0/31       AC:  1    Str: 12    XL:     5   Next: 7%
Magic:  12/12      EV: 12    Int: 19    God:
Gold:   210        SH:  3    Dex: 12    Spells: 12/13 levels left

rFire    . . .     SeeInvis .   o - +0 rapier
rCold    . . .     Gourm    .   w - +0 buckler
rNeg     . . .     Faith    .   (helmet restricted)
rPois    .         Spirit   .   (no amulet)
rElec    .         Reflect  .   (no ring)
rCorr    .         Harm     .   (no ring)
MR       .....                  (no ring)
Stlth    +++.......             (no ring)
HPRegen  0.10/turn              (no ring)
MPRegen  0.13/turn              (no ring)
                                (no ring)
                                (no ring)

@: mighty, very slightly contaminated, hasted, invisible, very quick
A: almost no armour, stealthy swim, amphibious, 8 rings, constrict 8, camouflage
1, gelatinous body 1
a: no special abilities


You were on level 5 of the Dungeon.
You were very hungry.

You visited 1 branch of the dungeon, and saw 5 of its levels.

You collected 210 gold pieces.

Inventory:

Hand Weapons
 e - a +0 hunting sling
 g - a +0 whip
 o - a +0 rapier (weapon)
 p - a +1 hunting sling of freezing
Missiles
 f - 80 stones (quivered)
 j - 27 sling bullets
Armour
 w - a +0 buckler (worn)
Wands
 r - a wand of polymorph (12)
Scrolls
 c - a scroll of teleportation {unknown}
 h - 2 scrolls of identify {unknown}
 n - a scroll of amnesia {unknown}
 s - a scroll of enchant armour {unknown}
 t - a scroll of noise {unknown}
 y - a scroll of fog {unknown}
Potions
 a - a potion of berserk rage {unknown}
 d - a potion of magic {unknown}
 i - a potion of flight {unknown}
 k - a potion of agility
 l - a potion of invisibility
 u - a potion of lignification {unknown}
 v - a potion of heal wounds {unknown}
Comestibles
 b - 10 rations


   Skills:
 - Level 2.0 Dodging
 - Level 2.6 Stealth
 + Level 0.0 Shields
 + Level 4.7 Spellcasting
 + Level 4.0 Conjurations


You had 12 spell levels left.
You knew the following spells:

 Your Spells              Type           Power        Failure   Level  Hunger
a - Magic Dart            Conj           ###.         4%          1    None

Your spell library contained the following spells:

 Spells                   Type           Power        Failure   Level  Hunger
 Iskenderun's Mystic Bla  Conj           ###.....     38%         4    ####...
 Fulminant Prism          Conj/Hex       ##........   67%         4    ####...
 Dazzling Spray           Conj/Hex       ##....       28%         3    ###....
 Force Lance              Conj/Tloc      ##......     67%         4    ####...
 Searing Ray              Conj           ###...       6%          2    #......


Dungeon Overview and Level Annotations

Branches:
Dungeon (5/15)
 Temple: D:4-7

Altars:
Yredelemnul

Annotations:
D:4 Grinder


Innate Abilities, Weirdness & Mutations

You cannot wear most types of armour.
You are very stealthy in the water. (Stealth+)
You are amphibious.
You can wear up to eight rings at the same time.
You can use your tentacles to constrict eight enemies at once.
Your skin changes colour to match your surroundings (Stealth+).
Your rubbery body absorbs attacks. (AC +1, EV +1)


Message History

There is a stone staircase leading up here.
The centaur closely misses you.
You climb upwards.
Level annotation: Grinder
There is a stone staircase leading down, spattered with blood here.
The centaur closely misses you. You block the centaur's attack.
You climb downwards.
There is a stone staircase leading up here.
You barely miss the centaur.
The centaur is moderately wounded.
You hit the centaur.
The centaur is moderately wounded.
You block the centaur's attack. The centaur hits you.
* * * LOW HITPOINT WARNING * * *
It was a potion of haste.
You feel yourself speed up. You block the centaur's attack.
It was a potion of might.
You feel very mighty all of a sudden. The centaur hits you.
You die...

####
#@.#
#.c#
##.#
.#
##


You could see a centaur.

Vanquished Creatures
  3 gnolls (D:2)
  2 adders (D:2)
  6 worms
  3 leopard geckos
  An orc (D:3)
  3 giant cockroaches
  4 goblins
  8 hobgoblins
  6 jackals
  2 ball pythons
  7 bats
  A frilled lizard (D:3)
  5 kobolds
  4 rats
55 creatures vanquished.

Notes
Turn   | Place    | Note
-------+----------+-------------------------------------------
     0 | D:1      | Htamos the Octopode Conjurer began the quest for the Orb.
     0 | D:1      | Reached XP level 1. HP: 11/11 MP: 3/3
   232 | D:1      | Reached XP level 2. HP: 13/17 MP: 0/5
   769 | D:2      | Reached XP level 3. HP: 21/21 MP: 1/7
  1070 | D:2      | Reached XP level 4. HP: 26/27 MP: 0/9
  1740 | D:2      | Found a basalt altar of Yredelemnul.
  2634 | D:3      | Reached XP level 5. HP: 19/31 MP: 7/12
  3220 | D:4      | Noticed Grinder
  3543 | D:4      | Noticed a centaur
  3555 | D:5      | Entered Level 5 of the Dungeon
  3563 | D:5      | Slain by a centaur

Vault maps used:
D:1:      lemuel_arrival_broad_hall
D:2:      yredelemnul_altar_generic
D:3:      minivault_24
D:4:      zin_treasury, marbit_many_paths, serial_forest,
          infiniplex_forest_clump_tiny, infiniplex_forest_clump_small,
          infiniplex_forest_lined_room_2, infiniplex_forest_side_room,
          uniq_grinder
D:5:      gammafunk_steamed_eel, nicolae_ashenzari_panopticon, serial_glass,
          glass_columns_a, glass_columns_a, feat_on_display, first_ration

Skill      XL: |  1  2  3  4 |
---------------+-------------+-----
Spellcasting   | 3 4 |  4.7
Dodging        | |  2.0
Stealth        | |  2.6
Conjurations   | |  4.0

Action                   |  1- 3 |  4- 6 || total
-------------------------+-------+-------++-------
Melee: Whip              |    14 |       ||    14
       Tentacles         |     3 |     2 ||     5
       Constrict         |     4 |     6 ||    10
       Rapier            |       |    34 ||    34
 Cast: Magic Dart        |    46 |    84 ||   130
  Use: Potion            |       |     3 ||     3
  Eat: Chunk             |       |     7 ||     7
Armor: Skin              |     2 |     7 ||     9
Dodge: Dodged            |    12 |    37 ||    49
Block: Buckler           |       |     6 ||     6

Table legend:
 A = Spawn XP
 B = Non-spawn XP
 C = Spawn XP percentage of total XP
 D = Spawn monster count
 E = Non-spawn monster count
 F = Spawn count percentage of total count
 G = Total turns spent on level
                    A         B        C        D         E        F      G
               +---------+---------+-------+---------+---------+-------+---------
         Total |       0 |     176 |   0.0 |       0 |      55 |   0.0 |  3563
               +---------+---------+-------+---------+---------+-------+---------
           D:1 |       0 |      22 |   0.0 |       0 |      12 |   0.0 |   759
           D:2 |       0 |     111 |   0.0 |       0 |      23 |   0.0 |  1321
           D:3 |       0 |      43 |   0.0 |       0 |      20 |   0.0 |  1451
               +---------+---------+-------+---------+---------+-------+---------
